 Dungeon Crawl Stone Soup version 0.21.1-1-g345015f (webtiles) character file.

784 iamserjio the Conjurer (level 7, -18/41 HPs)
             Began as an Octopode Conjurer on Apr 12, 2018.
             Was a Believer of Zin.
             Demolished by a two-headed ogre
             ... wielding a +0 giant club
              (27 damage)
             ... on level 4 of the Dungeon.
             The game lasted 00:26:27 (4592 turns).

iamserjio the Conjurer (Octopode Conjurer)          Turns: 4592, Time: 00:26:28

Health: -18/41     AC:  1    Str:  7    XL:     7   Next: 86%
Magic:  6/12       EV: 15    Int: 20    God:    Zin [**....]
Gold:   212        SH:  0    Dex: 12    Spells: 5/13 levels left

rFire    + . .     SeeInvis .   k - +0 dagger
rCold    . . .     Gourm    .   (no shield)
rNeg     . . .     Faith    .   (helmet restricted)
rPois    .         Spirit   .   (no amulet)
rElec    .         Reflect  .   m - ring of protection from fire
rCorr    .         Harm     .   q - ring of wizardry
MR       .....                  s - ring of wizardry
Stlth    ++++......             (no ring)
HPRegen  0.13/turn              (no ring)
MPRegen  0.13/turn              (no ring)
                                (no ring)
                                (no ring)

@: no status effects
A: almost no armour, stealthy swim, amphibious, 8 rings, constrict 8, camouflage
1, gelatinous body 1
a: Recite, Vitalisation, Donate Gold, Renounce Religion


You were on level 4 of the Dungeon.
You worshipped Zin.
Zin was pleased with you.
You were not hungry.

You visited 1 branch of the dungeon, and saw 4 of its levels.

You collected 235 gold pieces.
You donated 23 gold pieces to Zin.

Inventory:

Hand Weapons
 k - a +0 dagger (weapon)
 w - a +0 hunting sling
 y - a +0 hunting sling
 z - a +2 shortbow of velocity
Missiles
 e - 124 stones (quivered)
 u - 31 poisoned needles
 v - 29 sling bullets
 A - 22 arrows
Jewellery
 m - a ring of protection from fire (left tentacle)
 q - a ring of wizardry (right tentacle)
 s - a ring of wizardry (on tentacle)
 x - an uncursed ring of protection from magic {unknown}
Scrolls
 c - 3 scrolls of enchant armour {unknown}
 d - 6 scrolls of teleportation
 h - 2 scrolls of remove curse {unknown}
 n - 3 scrolls of fog {unknown}
 r - 4 scrolls of identify {unknown}
 C - 2 scrolls of enchant weapon {unknown}
 D - a scroll of blinking {unknown}
Potions
 f - 4 potions of curing {unknown}
 i - 4 potions of lignification {unknown}
 j - a potion of mutation {unknown}
 l - 2 potions of cancellation {unknown}
 o - 2 potions of heal wounds {unknown}
 p - 2 potions of agility {unknown}
 t - a potion of invisibility {unknown}
 B - a potion of ambrosia {unknown}
Books
 a - a book of Conjurations

   Spells                             Type                      Level
   a - Magic Dart                     Conjuration                  1
   b - Searing Ray                    Conjuration                  2
   c - Dazzling Spray                 Conjuration/Hexes            3
   d - Fulminant Prism                Conjuration/Hexes            4
   e - Force Lance                    Conjuration/Translocation    4
   f - Iskenderun's Mystic Blast      Conjuration                  4
 g - a book of Cantrips

   Spells                             Type                      Level
   a - Confusing Touch                Hexes                        1
   b - Animate Skeleton               Necromancy                   1
   c - Summon Small Mammal            Summoning                    1
   d - Apportation                    Translocation                1
Comestibles
 b - 8 rations


   Skills:
 + Level 4.2 Dodging
 - Level 6.1 Stealth
 + Level 3.9 Spellcasting
 * Level 6.6 Conjurations


You had 5 spell levels left.
You knew the following spells:

 Your Spells              Type           Power        Failure   Level  Hunger
a - Magic Dart            Conj           ####         1%          1    None
b - Searing Ray           Conj           ####..       1%          2    ##.....
c - Iskenderun's Mystic   Conj           ####....     2%          4    ####...
d - Summon Small Mammal   Summ           #...         3%          1    None


Dungeon Overview and Level Annotations

Branches:
Dungeon (4/15)
 Temple: D:4-7

Altars:
Dithmenos
Yredelemnul
Zin


Innate Abilities, Weirdness & Mutations

You cannot wear most types of armour.
You are very stealthy in the water. (Stealth+)
You are amphibious.
You can wear up to eight rings at the same time.
You can use your tentacles to constrict eight enemies at once.
Your skin changes colour to match your surroundings (Stealth+).
Your rubbery body absorbs attacks. (AC +1, EV +1)


Message History

The magic dart hits the two-headed ogre.
Casting: Magic Dart
Confirm with . or Enter, or press ? or * to list all spells.
Aiming: Searing Ray
Press: ? - help, Shift-Dir - straight line, f/p - two-headed ogre
Aim: a two-headed ogre, wielding two giant clubs The searing ray hits the two-headed ogre. (Press . to maintain the ray.)
The searing ray hits the two-headed ogre.
The searing ray hits the two-headed ogre.
The two-headed ogre is lightly wounded.
The searing ray hits the two-headed ogre.
The two-headed ogre is moderately wounded.
You finish channeling your searing ray.
The two-headed ogre hits you with a giant club!!
Ouch! That really hurt!
* * * LOW HITPOINT WARNING * * *
The two-headed ogre hits you with a giant club!!
Ouch! That really hurt!
You die...

.. ## .# #........ .. . .#
#.###.#.# #.......# .# #.##.###.
#..##.#.# #########.# #.###.#.#
#..##.#.####.....>..)# #.# #.##
#..........#.######### #.# #.#
#............# #.# #.#
...##.#.##.##############.# #.#
...............O@.........# #.#
...................###########.#
.#.####.##.#######.............#
.#.........# ###############
.รท......#### #########


You could see a two-headed ogre.

Vanquished Creatures
  A centaur (D:3)
  3 ogres (D:4)
  A big kobold (D:3)
  A howler monkey (D:4)
  A crimson imp (D:3)
  An orc priest (D:4)
  Natasha (twice) (D:2)
  An iguana (D:4)
  A hound skeleton (D:3)
  Robin (D:2)
  7 adders
  A howler monkey skeleton (D:4)
  An ooze (D:2)
  4 worms
  6 dart slugs
  A leopard gecko (D:3)
  6 orcs
  9 bats
  3 giant cockroaches
  11 goblins
  17 hobgoblins
  3 frilled lizards
  7 kobolds
  13 rats
102 creatures vanquished.

Notes
Turn   | Place    | Note
-------+----------+-------------------------------------------
     0 | D:1      | iamserjio the Octopode Conjurer began the quest for the Orb.
     0 | D:1      | Reached XP level 1. HP: 11/11 MP: 3/3
    84 | D:1      | Reached XP level 2. HP: 17/17 MP: 0/5
   411 | D:1      | Reached XP level 3. HP: 21/21 MP: 3/6
   703 | D:1      | Learned a level 2 spell: Searing Ray
   704 | D:2      | Found a faded altar of an unknown god.
  1083 | D:2      | Noticed Robin
  1156 | D:2      | Reached XP level 4. HP: 24/27 MP: 7/7
  1308 | D:2      | Killed Robin
  1566 | D:2      | Noticed Natasha
  1573 | D:2      | Killed Natasha
  1573 | D:2      | Reached XP level 5. HP: 21/31 MP: 4/9
  1744 | D:2      | Found a glowing silver altar of Zin.
  1745 | D:2      | Found a basalt altar of Yredelemnul.
  1759 | D:2      | Became a worshipper of Zin the Law-Giver
  1759 | D:2      | Reached * piety under Zin
  1793 | D:2      | Noticed Natasha
  1799 | D:2      | Killed Natasha
  1799 | D:2      | Reached skill level 5 in Stealth
  1996 | D:2      | Learned a level 4 spell: Iskenderun's Mystic Blast
  2156 | D:3      | Reached skill level 5 in Conjurations
  2299 | D:3      | Reached XP level 6. HP: 36/36 MP: 10/10
  2556 | D:3      | Reached ** piety under Zin
  3574 | D:3      | Learned a level 1 spell: Summon Small Mammal
  3581 | D:4      | Reached XP level 7. HP: 41/41 MP: 6/12
  3639 | D:4      | Found a shadowy altar of Dithmenos.
  3830 | D:4      | Noticed a two-headed ogre
  4592 | D:4      | Demolished by a two-headed ogre

Skill      XL: |  1  2  3  4  5  6  7 |
---------------+----------------------+-----
Stealth        | 3 4 5 6 |  6.1
Conjurations   | 5 6 |  6.6
Dodging        | 3 4 |  4.2
Spellcasting   | 3 |  3.9

Action                   |  1- 3 |  4- 6 |  7- 9 || total
-------------------------+-------+-------+-------++-------
Melee: Unarmed           |    20 |       |       ||    20
       Tentacles         |    11 |     8 |     2 ||    21
       Constrict         |    17 |    19 |     3 ||    39
       Dagger            |    31 |    87 |     9 ||   127
Throw: Stone             |       |     1 |       ||     1
 Cast: Magic Dart        |    30 |    41 |    16 ||    87
       Searing Ray       |     1 |     9 |    10 ||    20
       Summon Small Mamm |       |       |     1 ||     1
  Use: Scroll            |       |     1 |       ||     1
 Stab: Sleeping          |     3 |    13 |       ||    16
  Eat: Chunk             |     1 |     6 |     2 ||     9
       Ration            |       |     1 |       ||     1
Armor: Skin              |    10 |     6 |       ||    16
Dodge: Dodged            |    21 |    58 |     6 ||    85
